Canucks vs Avalanche

Created - November 21, 2025 at 23:59

Goals
1 2 3 T
Canucks 3 0 3 6
Avalanche 0 1 1 2
Shots
1 2 3 T
Canucks 12 9 11 32
Avalanche 10 5 17 32

1st period

1. Canucks , Denis Gurianov 2 (Yanni Gourde 6) at 6:11
2. Canucks , Denis Gurianov 3 (Yanni Gourde 7, Travis Hamonic 4) at 7:38
3. Canucks , J.T. Miller 3 (Chris Tierney 7, Jordan Eberle 2) at 10:14 (PP)

Penalties :
Andrei Kuzmenko (Col) for Interference (Minor) at 9:17, Jordan Eberle (Van) for Holding (Minor) at 16:24

2nd period

4. Avalanche , Andrei Kuzmenko 1 (Nick Cousins 3, Bryan Little 2) at 1:45

Penalties :
Bryan Little (Col) for Slashing (Minor) at 4:04, David Rundblad (Col) for Tripping (Minor) at 12:02

3rd period

5. Canucks , Ryan O'Reilly 2 (Curtis Lazar 1, Ben Harpur 2) at 9:48
6. Canucks , J.T. Miller 4 (Jordan Eberle 3, Chris Tierney 8) at 9:56
7. Canucks , Chris Tierney 2 (Travis Hamonic 5, J.T. Miller 8) at 10:20 (PP)
8. Avalanche , Nick Cousins 3 (Andrei Kuzmenko 5) at 18:14

Penalties :
Joseph Blandisi (Col) for Tripping (Minor) at 7:34, David Rundblad (Col) for Slashing (Minor) at 10:09, Joseph Blandisi (Col) for Holding (Minor) at 19:55

Goalie Stats

Petr Mrazek (Van), 30 saves from 32 shots - (0.938), W, 5-3-0, 60:00 minutes
Robin Lehner (Col), 26 saves from 32 shots - (0.813), L, 2-3-0, 60:00 minutes

Players Stats for Canucks

Player Name              G  A  P  +/- PIM S  H  SB GA TA FO     MP     PP MP  PK MP  
------------------------------------------------------------------------------------
Ben Harpur               0  1  1   1  0   0  1  0  0  0  0/0    21:47   2:46   0:45 
Brock Boeser             0  0  0   2  0   0  0  1  1  0  0/0    19:53   2:50   0:30 
Chris Tierney            1  2  3  -1  0   4  1  1  0  0  15/38  19:31   3:50   1:08 
Curtis Lazar             0  1  1   1  0   0  2  0  0  0  0/0     2:29   0:43   0:00 
Daniel Zaar              0  0  0   0  0   1  1  0  0  0  0/1    11:21   0:00   0:00 
Denis Gurianov           2  0  2   2  0   3  0  0  1  0  0/0     9:05   1:01   0:43 
J.T. Miller              2  1  3   0  0   9  2  1  0  0  0/0    24:28   3:53   1:08 
Jake Dotchin             0  0  0  -1  0   0  0  4  0  0  0/0     9:42   0:00   0:00 
Jordan Eberle            0  2  2  -1  2   1  3  0  0  1  0/2    24:39   3:36   0:00 
Mark Jankowski           0  0  0   0  0   0  1  0  0  0  0/0    13:14   0:57   0:08 
Nicolas Petan            0  0  0   0  0   0  1  0  0  0  0/2     8:57   0:00   0:08 
Oliver Ekman-Larsson     0  0  0   2  0   3  3  1  2  2  0/0    28:31   4:23   1:14 
Ryan Lomberg             0  0  0   0  0   1  2  0  0  1  1/1     8:50   0:00   0:00 
Ryan O'Reilly            1  0  1   1  0   2  2  0  0  2  6/10   16:36   1:47   0:00 
Tony DeAngelo            0  0  0  -1  0   0  0  0  0  0  0/0     9:42   0:00   0:00 
Travis Hamonic           0  2  2   2  0   1  1  0  0  1  0/0    28:31   4:23   1:14 
Tyler Cuma               0  0  0   1  0   3  1  3  1  0  0/0    21:47   2:46   0:45 
Yanni Gourde             0  2  2   2  0   4  2  1  0  0  4/12   18:57   2:50   0:13 

Players Stats for Avalanche

Player Name              G  A  P  +/- PIM S  H  SB GA TA FO     MP     PP MP  PK MP  
------------------------------------------------------------------------------------
Andrei Kuzmenko          1  1  2   2  2   3  1  0  0  1  3/3    15:56   1:05   0:00 
Anthony Duclair          0  0  0   0  0   2  0  0  0  0  0/0     6:18   0:05   0:13 
Brian Dumoulin           0  0  0  -1  0   0  1  0  0  0  0/0    17:59   0:58   1:02 
Bryan Little             0  1  1   2  2   1  0  0  0  1  15/23  18:28   0:54   2:27 
David Rundblad           0  0  0  -2  4   1  2  1  0  0  0/0    20:47   1:01   2:45 
Drake Caggiula           0  0  0   0  0   1  1  0  0  0  2/3     6:01   0:00   0:22 
Jack Johnson             0  0  0   0  0   0  0  2  0  0  0/0    22:17   0:58   3:17 
Jacob Slavin             0  0  0   1  0   3  1  2  4  1  0/0    22:55   1:01   2:52 
Jean-Gabriel Pageau      0  0  0  -3  0   2  1  1  0  0  12/23  20:00   1:00   3:26 
Joseph Blandisi          0  0  0  -1  4   0  1  0  0  1  0/1    14:16   0:00   0:00 
Kyle Clifford            0  0  0  -3  0   3  1  0  1  0  0/1    19:54   0:54   3:26 
Luke Witkowski           0  0  0   0  0   2  2  1  0  0  0/0    10:01   0:00   3:30 
Michael McLeod           0  0  0  -1  0   2  1  1  0  0  6/9    14:18   0:00   0:00 
Nick Cousins             1  1  2   2  0   7  1  1  1  0  1/1    14:52   0:00   0:00 
Patric Hornqvist         0  0  0  -1  0   1  1  1  0  0  0/1    15:54   1:05   0:54 
Rickard Rakell           0  0  0  -3  0   1  3  0  0  0  1/1    16:20   0:54   0:00 
Stefan Elliott           0  0  0  -1  0   0  1  0  0  1  0/0    16:54   0:00   1:05 
Vladislav Gavrikov       0  0  0  -1  0   3  0  1  1  0  0/0    19:35   0:00   3:17 

3 Stars

1 - J.T. Miller (Van)
2 - Denis Gurianov (Van)
3 - Chris Tierney (Van)

Power Play

Canucks - 2 on 6 Attempt(s) - 33.33%
Avalanche - 0 on 1 Attempt(s) - 0.00%

Penalty Kill

Canucks - 1 on 1 Attempt(s) - 100.00% - Score 0 goal in Penalty Kill
Avalanche - 4 on 6 Attempt(s) - 66.67% - Score 0 goal in Penalty Kill

Team Stat

Canucks - Hits : 23 - Faceoff Wins : 26 - Blocked Shots : 12 - Penalty Minutes : 2
Avalanche - Hits : 18 - Faceoff Wins : 40 - Blocked Shots : 11 - Penalty Minutes : 12

Official

Referees : Trevor Hanson and Furman South
Linesman : Devin Berg and Shandor Alphonso

Game Notes

10:14 of 1st period - Canucks goal is going for a video replay. After video review, Goal.
Denis Gurianov is injured at 11:50 of 2nd period (Left Knee)

Finance

Level 1 -- Attendance: 5321 (88.68%) -- Ticket Income $532,100
Level 2 -- Attendance: 5000 (100.00%) -- Ticket Income $350,000
Level 3 -- Attendance: 1928 (96.40%) -- Ticket Income $77,120
Level 4 -- Attendance: 3690 (92.25%) -- Ticket Income $110,700
Luxury Box -- Attendance: 978 (97.80%) -- Ticket Income $195,600
Game was played at the Pepsi Center.
Total Attendance: 16917 (93.98%)
Total Ticket Income: $1,265,520
Other Income: $189,828
Total Income: $1,455,348

Canucks

5 vs 5 Forward 
   Center                   Left Wing                Right Wing               Time % Phy DF OF 
 1 Chris Tierney            J.T. Miller              Jordan Eberle            56     1   2  2  
 2 Yanni Gourde             Denis Gurianov           Brock Boeser             30     1   2  2  
 3 Ryan O'Reilly            Mark Jankowski           Daniel Zaar              10     1   2  2  
 4 Nicolas Petan            Ryan Lomberg             Jordan Eberle            4      1   2  2  

5 vs 5 Defense 
   Defense                  Defense                                           Time % Phy DF OF 
 1 Oliver Ekman-Larsson     Travis Hamonic                                    55     1   2  2  
 2 Tyler Cuma               Ben Harpur                                        30     1   2  2  
 3 Tony DeAngelo            Jake Dotchin                                      10     1   2  2  
 4 Oliver Ekman-Larsson     Travis Hamonic                                    5      1   2  2  

PowerPlay Forward 
   Center                   Left Wing                Right Wing               Time % Phy DF OF 
 1 Chris Tierney            J.T. Miller              Jordan Eberle            60     1   2  2  
 2 Yanni Gourde             Denis Gurianov           Brock Boeser             40     1   2  2  

PowerPlay Defense
   Defense                  Defense                                           Time % Phy DF OF 
 1 Oliver Ekman-Larsson     Travis Hamonic                                    60     1   2  2  
 2 Tyler Cuma               Ben Harpur                                        40     1   2  2  

Penalty Kill 4 Players Forward 
   Center                   Wing                     Time % Phy DF OF 
 1 Chris Tierney            J.T. Miller              60     1   2  2  
 2 Yanni Gourde             Denis Gurianov           40     1   2  2  

Penalty Kill 4 Players Defense
   Defense                  Defense                  Time % Phy DF OF 
 1 Oliver Ekman-Larsson     Travis Hamonic           60     1   2  2  
 2 Tyler Cuma               Ben Harpur               40     1   2  2  

Penalty Kill - 3 Players Forward 
   Forward                                           Time % Phy DF OF 
 1 Chris Tierney                                     60     1   2  2  
 2 Yanni Gourde                                      40     1   2  2  

Penalty Kill - 3 Players Defense
   Defense                  Defense                  Time % Phy DF OF 
 1 Oliver Ekman-Larsson     Travis Hamonic           60     1   2  2  
 2 Tyler Cuma               Ben Harpur               40     1   2  2  

4 vs 4 Forward 
   Center                   Wing                     Time % Phy DF OF 
 1 Chris Tierney            J.T. Miller              60     1   2  2  
 2 Yanni Gourde             Denis Gurianov           40     1   2  2  

4 vs 4 Defense
   Defense                  Defense                  Time % Phy DF OF 
 1 Oliver Ekman-Larsson     Travis Hamonic           60     1   2  2  
 2 Tyler Cuma               Ben Harpur               40     1   2  2  

Last Minutes Offensive
   Center                   Left Wing                Right Wing               Defense                  Defense                  
   Chris Tierney            J.T. Miller              Jordan Eberle            Oliver Ekman-Larsson     Travis Hamonic           

Last Minutes Defensive
   Center                   Left Wing                Right Wing               Defense                  Defense                  
   Chris Tierney            J.T. Miller              Jordan Eberle            Oliver Ekman-Larsson     Travis Hamonic           

Goaltenders
Starting : Petr Mrazek              
Backup : Thatcher Demko           

Extra Forwards
Normal : Brock Boeser, Ryan O'Reilly, Denis Gurianov - PP : Brock Boeser, Ryan O'Reilly - PK : Brock Boeser
Extra Defensemen
Normal : Ben Harpur, Tony DeAngelo, Jake Dotchin - PP : Ben Harpur - PK : Ben Harpur, Tony DeAngelo
Penalty Shots
J.T. Miller, Jordan Eberle, Chris Tierney, Yanni Gourde, Brock Boeser
Custom OT Lines Forwards
J.T. Miller, Jordan Eberle, Chris Tierney, Yanni Gourde, Brock Boeser, Ryan O'Reilly, Denis Gurianov, Daniel Zaar, Mark Jankowski, Ryan Lomberg
Custom OT Lines Defensemen
Oliver Ekman-Larsson, Travis Hamonic, Tyler Cuma, Ben Harpur, Tony DeAngelo

Scratches
None

Avalanche

5 vs 5 Forward 
   Center                   Left Wing                Right Wing               Time % Phy DF OF 
 1 Jean-Gabriel Pageau      Kyle Clifford            Rickard Rakell           31     1   2  2  
 2 Bryan Little             Andrei Kuzmenko          Nick Cousins             31     1   2  2  
 3 Michael McLeod           Joseph Blandisi          Patric Hornqvist         27     1   2  2  
 4 Drake Caggiula           Anthony Duclair          Luke Witkowski           11     1   2  2  

5 vs 5 Defense 
   Defense                  Defense                                           Time % Phy DF OF 
 1 Jack Johnson             Jacob Slavin                                      35     1   2  2  
 2 Brian Dumoulin           David Rundblad                                    33     1   2  2  
 3 Stefan Elliott           Vladislav Gavrikov                                28     1   2  2  
 4 Stefan Elliott           Vladislav Gavrikov                                4      1   2  2  

PowerPlay Forward 
   Center                   Left Wing                Right Wing               Time % Phy DF OF 
 1 Bryan Little             Kyle Clifford            Rickard Rakell           50     0   1  4  
 2 Jean-Gabriel Pageau      Andrei Kuzmenko          Patric Hornqvist         50     0   1  4  

PowerPlay Defense
   Defense                  Defense                                           Time % Phy DF OF 
 1 Jacob Slavin             David Rundblad                                    50     1   2  2  
 2 Jack Johnson             Brian Dumoulin                                    50     1   2  2  

Penalty Kill 4 Players Forward 
   Center                   Wing                     Time % Phy DF OF 
 1 Jean-Gabriel Pageau      Kyle Clifford            50     1   3  1  
 2 Bryan Little             Luke Witkowski           50     1   3  1  

Penalty Kill 4 Players Defense
   Defense                  Defense                  Time % Phy DF OF 
 1 David Rundblad           Jack Johnson             50     1   2  2  
 2 Vladislav Gavrikov       Jacob Slavin             50     1   2  2  

Penalty Kill - 3 Players Forward 
   Forward                                           Time % Phy DF OF 
 1 Luke Witkowski                                    57     1   4  0  
 2 Jean-Gabriel Pageau                               43     1   4  0  

Penalty Kill - 3 Players Defense
   Defense                  Defense                  Time % Phy DF OF 
 1 David Rundblad           Jack Johnson             50     1   2  2  
 2 Vladislav Gavrikov       Jacob Slavin             50     1   2  2  

4 vs 4 Forward 
   Center                   Wing                     Time % Phy DF OF 
 1 Jean-Gabriel Pageau      Kyle Clifford            50     1   2  2  
 2 Bryan Little             Patric Hornqvist         50     1   2  2  

4 vs 4 Defense
   Defense                  Defense                  Time % Phy DF OF 
 1 Jacob Slavin             Brian Dumoulin           60     1   2  2  
 2 David Rundblad           Jack Johnson             40     1   2  2  

Last Minutes Offensive
   Center                   Left Wing                Right Wing               Defense                  Defense                  
   Jean-Gabriel Pageau      Kyle Clifford            Rickard Rakell           Jacob Slavin             Brian Dumoulin           

Last Minutes Defensive
   Center                   Left Wing                Right Wing               Defense                  Defense                  
   Jean-Gabriel Pageau      Kyle Clifford            Luke Witkowski           Jacob Slavin             Brian Dumoulin           

Goaltenders
Starting : Robin Lehner             
Backup : Adin Hill                

Extra Forwards
Normal : Michael McLeod, Anthony Duclair, Luke Witkowski - PP : Patric Hornqvist, Anthony Duclair - PK : Patric Hornqvist
Extra Defensemen
Normal : Brian Dumoulin, Vladislav Gavrikov, Stefan Elliott - PP : Brian Dumoulin - PK : Brian Dumoulin, Stefan Elliott
Penalty Shots
Andrei Kuzmenko, Anthony Duclair, Michael McLeod, Bryan Little, Kyle Clifford
Custom OT Lines Forwards
Jean-Gabriel Pageau, Kyle Clifford, Rickard Rakell, Andrei Kuzmenko, Patric Hornqvist, Bryan Little, Luke Witkowski, Nick Cousins, Michael McLeod, Anthony Duclair
Custom OT Lines Defensemen
Jacob Slavin, Brian Dumoulin, David Rundblad, Jack Johnson, Vladislav Gavrikov

Scratches
Jack Dougherty (Healthy), Jarred Tinordi (Healthy), Ryan Hartman (Healthy)

% Time on Ice - Canucks

Lines # - Real PCT - Wanted PCT - Time Play
Normal Forward
1 - 29% - 56% - 14:36
2 - 32% - 30% - 16:09
3 - 22% - 10% - 11:21
4 - 17% - 4% - 8:46
Normal Defense
1 - 45% - 55% - 22:43
2 - 36% - 30% - 18:16
3 - 19% - 10% - 9:42
4 - 0% - 5% - 0:11
PP Forward
1 - 50% - 60% - 3:36
2 - 50% - 40% - 3:33
PP Defense
1 - 61% - 60% - 4:23
2 - 39% - 40% - 2:46
PK Forward
1 - 89% - 60% - 1:46
2 - 11% - 40% - 0:13
PK Defense
1 - 62% - 60% - 1:14
2 - 38% - 40% - 0:45
PK3 Forward
1 - 0% - 60%
2 - 0% - 40%
PK3 Defense
1 - 0% - 60%
2 - 0% - 40%
44 Forward
1 - 0% - 60%
2 - 0% - 40%
44 Defense
1 - 0% - 60%
2 - 0% - 40%
Last Minute Offensive  - 0:00
Last Minute Defensive  - 0:00
Total
Forward - 60:00
Defense - 60:00

% Time on Ice - Avalanche

Lines # - Real PCT - Wanted PCT - Time Play
Normal Forward
1 - 31% - 31% - 15:34
2 - 30% - 31% - 15:21
3 - 28% - 27% - 14:18
4 - 11% - 11% - 5:39
Normal Defense
1 - 37% - 35% - 18:35
2 - 33% - 33% - 16:44
3 - 30% - 28% - 15:10
4 - 1% - 4% - 0:23
PP Forward
1 - 45% - 50% - 0:54
2 - 55% - 50% - 1:05
PP Defense
1 - 51% - 50% - 1:01
2 - 49% - 50% - 0:58
PK Forward
1 - 49% - 50% - 3:29
2 - 51% - 50% - 3:40
PK Defense
1 - 54% - 50% - 3:52
2 - 46% - 50% - 3:17
PK3 Forward
1 - 0% - 57%
2 - 0% - 43%
PK3 Defense
1 - 0% - 50%
2 - 0% - 50%
44 Forward
1 - 0% - 50%
2 - 0% - 50%
44 Defense
1 - 0% - 60%
2 - 0% - 40%
Last Minute Offensive  - 0:00
Last Minute Defensive  - 0:00
Total
Forward - 60:00
Defense - 60:00

Play-by-Play

1st period


0:01 of 1st period - Jean-Gabriel Pageau wins face-off versus Chris Tierney in neutral zone.
0:39 of 1st period - Denis Gurianov is hit by Brian Dumoulin and loses puck.
1:01 of 1st period - Snap shot by Ryan O'Reilly.
1:01 of 1st period - Shot Misses the Net.
1:21 of 1st period - Wrist shot by Anthony Duclair.
1:21 of 1st period - Stopped by Petr Mrazek with a rebound.
1:23 of 1st period - Slapshot by Anthony Duclair.
1:23 of 1st period - Stopped by Petr Mrazek without a rebound.
1:24 of 1st period - Chris Tierney wins face-off versus Jean-Gabriel Pageau in Canucks zone.
2:09 of 1st period - Off-side.
2:10 of 1st period - Bryan Little wins face-off versus Ryan O'Reilly in neutral zone.
3:23 of 1st period - Off-side.
3:24 of 1st period - Drake Caggiula wins face-off versus Nicolas Petan in neutral zone.
4:46 of 1st period - Backhand shot by Patric Hornqvist.
4:46 of 1st period - Shot Blocked by Jake Dotchin.
4:48 of 1st period - Slapshot by Jacob Slavin.
4:48 of 1st period - Shot Blocked by Jake Dotchin.
4:52 of 1st period - Snap shot by Michael McLeod.
4:52 of 1st period - Stopped by Petr Mrazek without a rebound.
4:53 of 1st period - Rickard Rakell wins face-off versus Yanni Gourde in Canucks zone.
5:02 of 1st period - Slapshot by Jean-Gabriel Pageau.
5:02 of 1st period - Stopped by Petr Mrazek with a rebound.
5:20 of 1st period - Brian Dumoulin is hit by Tyler Cuma and loses puck.
5:32 of 1st period - Icing by Andrei Kuzmenko.
5:33 of 1st period - Bryan Little wins face-off versus Chris Tierney in Avalanche zone.
6:04 of 1st period - Brian Dumoulin is hit by Oliver Ekman-Larsson and loses puck.
6:11 of 1st period - Snap shot by Denis Gurianov.
6:11 of 1st period - Goal by Denis Gurianov - Canucks : 1 - Avalanche : 0.
6:12 of 1st period - Chris Tierney wins face-off versus Jean-Gabriel Pageau in neutral zone.
6:16 of 1st period - Icing by Jean-Gabriel Pageau.
6:17 of 1st period - Jean-Gabriel Pageau wins face-off versus Chris Tierney in Avalanche zone.
6:17 of 1st period - Jean-Gabriel Pageau is hit by J.T. Miller.
6:43 of 1st period - Vladislav Gavrikov is hit by Oliver Ekman-Larsson and loses puck.
6:48 of 1st period - Wrist shot by Yanni Gourde.
6:48 of 1st period - Shot Blocked by Nick Cousins.
6:52 of 1st period - Slapshot by Yanni Gourde.
6:52 of 1st period - Deflect By Denis Gurianov.
6:52 of 1st period - Shot Misses the Net.
6:52 of 1st period - Puck is out of play.
6:53 of 1st period - Chris Tierney wins face-off versus Michael McLeod in Avalanche zone.
6:56 of 1st period - Slapshot by Chris Tierney.
6:56 of 1st period - Shot Misses the Net.
6:58 of 1st period - Snap shot by Jordan Eberle.
6:58 of 1st period - Shot Blocked by Jacob Slavin.
7:00 of 1st period - Wrist shot by Chris Tierney.
7:00 of 1st period - Shot Misses the Net.
7:02 of 1st period - Backhand shot by Ben Harpur.
7:02 of 1st period - Shot Blocked by Jacob Slavin.
7:04 of 1st period - Wrist shot by J.T. Miller.
7:04 of 1st period - Stopped by Robin Lehner with a rebound.
7:06 of 1st period - Snap shot by Tyler Cuma.
7:06 of 1st period - Shot Blocked by Michael McLeod.
7:16 of 1st period - Wrist shot by Rickard Rakell.
7:16 of 1st period - Stopped by Petr Mrazek without a rebound.
7:17 of 1st period - Yanni Gourde wins face-off versus Jean-Gabriel Pageau in Canucks zone.
7:17 of 1st period - Yanni Gourde is hit by David Rundblad.
7:25 of 1st period - Kyle Clifford is hit by Yanni Gourde and loses puck.
7:36 of 1st period - Snap shot by Denis Gurianov.
7:36 of 1st period - Shot Hit the Post.
7:38 of 1st period - Wrist shot by Denis Gurianov.
7:38 of 1st period - Goal by Denis Gurianov - Canucks : 2 - Avalanche : 0.
7:39 of 1st period - Chris Tierney wins face-off versus Drake Caggiula in neutral zone.
7:49 of 1st period - Snap shot by Luke Witkowski.
7:49 of 1st period - Stopped by Petr Mrazek without a rebound.
7:50 of 1st period - Chris Tierney wins face-off versus Bryan Little in Canucks zone.
7:56 of 1st period - Off-side.
7:57 of 1st period - Bryan Little wins face-off versus Chris Tierney in neutral zone.
8:23 of 1st period - Snap shot by Yanni Gourde.
8:23 of 1st period - Stopped by Robin Lehner without a rebound.
8:24 of 1st period - Michael McLeod wins face-off versus Yanni Gourde in Avalanche zone.
8:37 of 1st period - Snap shot by Denis Gurianov.
8:37 of 1st period - Stopped by Robin Lehner with a rebound.
8:51 of 1st period - Chris Tierney is hit by Stefan Elliott and loses puck.
9:17 of 1st period - Minor Penalty to Andrei Kuzmenko for Interference.
9:18 of 1st period - Chris Tierney wins face-off versus Jean-Gabriel Pageau in Avalanche zone.
9:26 of 1st period - Snap shot by J.T. Miller.
9:26 of 1st period - Stopped by Robin Lehner without a rebound.
9:27 of 1st period - Jean-Gabriel Pageau wins face-off versus Jordan Eberle in Avalanche zone.
10:12 of 1st period - Snap shot by Chris Tierney.
10:12 of 1st period - Shot Blocked by Vladislav Gavrikov.
10:14 of 1st period - Snap shot by J.T. Miller.
10:14 of 1st period - Canucks goal is going for a video replay.
10:14 of 1st period - The goal is good.
10:14 of 1st period - Goal by J.T. Miller - Canucks : 3 - Avalanche : 0.
10:15 of 1st period - Yanni Gourde wins face-off versus Jean-Gabriel Pageau in neutral zone.
10:18 of 1st period - Rickard Rakell is hit by Yanni Gourde.
10:36 of 1st period - Yanni Gourde is hit by Kyle Clifford and loses puck.
11:03 of 1st period - Snap shot by Yanni Gourde.
11:03 of 1st period - Stopped by Robin Lehner without a rebound.
11:04 of 1st period - Chris Tierney wins face-off versus Bryan Little in Avalanche zone.
12:11 of 1st period - J.T. Miller is hit by Drake Caggiula.
12:40 of 1st period - Jean-Gabriel Pageau is hit by Ryan O'Reilly.
13:06 of 1st period - Slapshot by Patric Hornqvist.
13:06 of 1st period - Stopped by Petr Mrazek with a rebound.
13:20 of 1st period - David Rundblad is hit by Oliver Ekman-Larsson and loses puck.
13:27 of 1st period - Mark Jankowski is hit by Andrei Kuzmenko.
13:34 of 1st period - Icing by Stefan Elliott.
13:35 of 1st period - Bryan Little wins face-off versus Chris Tierney in Avalanche zone.
13:45 of 1st period - Icing by Patric Hornqvist.
13:46 of 1st period - Michael McLeod wins face-off versus Jordan Eberle in Avalanche zone.
14:27 of 1st period - Wrist shot by Nick Cousins.
14:27 of 1st period - Stopped by Petr Mrazek without a rebound.
14:28 of 1st period - Ryan O'Reilly wins face-off versus Jean-Gabriel Pageau in Canucks zone.
14:32 of 1st period - Off-side.
14:33 of 1st period - Ryan O'Reilly wins face-off versus Jean-Gabriel Pageau in neutral zone.
14:38 of 1st period - Kyle Clifford is hit by Mark Jankowski and loses puck.
15:35 of 1st period - Slapshot by David Rundblad.
15:35 of 1st period - Stopped by Petr Mrazek with a rebound.
15:37 of 1st period - Slapshot by David Rundblad.
15:37 of 1st period - Shot Misses the Net.
15:57 of 1st period - Snap shot by Kyle Clifford.
15:57 of 1st period - Stopped by Petr Mrazek without a rebound.
15:58 of 1st period - Bryan Little wins face-off versus Yanni Gourde in Canucks zone.
16:01 of 1st period - Snap shot by Andrei Kuzmenko.
16:01 of 1st period - Shot Misses the Net.
16:03 of 1st period - Snap shot by Jack Johnson.
16:03 of 1st period - Shot Misses the Net.
16:24 of 1st period - Minor Penalty to Jordan Eberle for Holding.
16:25 of 1st period - Jean-Gabriel Pageau wins face-off versus Chris Tierney in Canucks zone.
16:25 of 1st period - Slapshot by Andrei Kuzmenko.
16:25 of 1st period - Deflect By Oliver Ekman-Larsson.
16:25 of 1st period - Shot Misses the Net.
16:25 of 1st period - Puck is out of play.
16:26 of 1st period - Andrei Kuzmenko wins face-off versus Chris Tierney in Canucks zone.
16:27 of 1st period - Slapshot by Jean-Gabriel Pageau.
16:27 of 1st period - Shot Misses the Net.
16:33 of 1st period - Snap shot by Andrei Kuzmenko.
16:33 of 1st period - Deflect By Jean-Gabriel Pageau.
16:33 of 1st period - Shot Misses the Net.
16:33 of 1st period - Puck is out of play.
16:34 of 1st period - Chris Tierney wins face-off versus Jean-Gabriel Pageau in Canucks zone.
16:43 of 1st period - Backhand shot by Chris Tierney.
16:43 of 1st period - Stopped by Robin Lehner with a rebound.
16:45 of 1st period - Slapshot by Oliver Ekman-Larsson.
16:45 of 1st period - Stopped by Robin Lehner with a rebound.
16:47 of 1st period - Slapshot by Travis Hamonic.
16:47 of 1st period - Deflect By J.T. Miller.
16:47 of 1st period - Stopped by Robin Lehner with a rebound.
16:49 of 1st period - Slapshot by Travis Hamonic.
16:49 of 1st period - Stopped by Robin Lehner with a rebound.
17:11 of 1st period - Snap shot by Bryan Little.
17:11 of 1st period - Shot Blocked by Oliver Ekman-Larsson.
18:24 of 1st period - Penalty to Jordan Eberle is over, Jordan Eberle is back on ice.
18:50 of 1st period - Jake Dotchin is hit by Joseph Blandisi and loses puck.
19:14 of 1st period - Off-side.
19:15 of 1st period - Michael McLeod wins face-off versus Daniel Zaar in neutral zone.
19:42 of 1st period - Kyle Clifford is hit by Jordan Eberle and loses puck.
19:51 of 1st period - Snap shot by Kyle Clifford.
19:51 of 1st period - Shot Misses the Net.
19:53 of 1st period - Snap shot by Rickard Rakell.
19:53 of 1st period - Deflect By Kyle Clifford.
19:53 of 1st period - Shot Misses the Net.
19:53 of 1st period - Puck is out of play.
19:54 of 1st period - Bryan Little wins face-off versus Chris Tierney in Canucks zone.
19:55 of 1st period - Snap shot by Andrei Kuzmenko.
19:55 of 1st period - Shot Misses the Net.
Goals for this period are 3 for Canucks vs 0 for Avalanche.
Shots for this period are 12 for Canucks vs 10 for Avalanche.

2nd period


0:01 of 2nd period - Bryan Little wins face-off versus Chris Tierney in neutral zone.
0:04 of 2nd period - Wrist shot by Jacob Slavin.
0:04 of 2nd period - Shot Misses the Net.
0:30 of 2nd period - Wrist shot by Ryan O'Reilly.
0:30 of 2nd period - Shot Misses the Net.
0:35 of 2nd period - Off-side.
0:36 of 2nd period - Chris Tierney wins face-off versus Joseph Blandisi in neutral zone.
0:49 of 2nd period - Wrist shot by Chris Tierney.
0:49 of 2nd period - Stopped by Robin Lehner with a rebound.
1:13 of 2nd period - Off-side.
1:14 of 2nd period - Bryan Little wins face-off versus Chris Tierney in neutral zone.
1:23 of 2nd period - Slapshot by Andrei Kuzmenko.
1:23 of 2nd period - Shot Misses the Net.
1:25 of 2nd period - Slapshot by Vladislav Gavrikov.
1:25 of 2nd period - Stopped by Petr Mrazek without a rebound.
1:26 of 2nd period - Nick Cousins wins face-off versus Chris Tierney in Canucks zone.
1:31 of 2nd period - Snap shot by Andrei Kuzmenko.
1:31 of 2nd period - Stopped by Petr Mrazek without a rebound.
1:32 of 2nd period - Bryan Little wins face-off versus Chris Tierney in Canucks zone.
1:45 of 2nd period - Wrist shot by Andrei Kuzmenko.
1:45 of 2nd period - Goal by Andrei Kuzmenko - Canucks : 3 - Avalanche : 1.
1:46 of 2nd period - Michael McLeod wins face-off versus Chris Tierney in neutral zone.
1:56 of 2nd period - Slapshot by Oliver Ekman-Larsson.
1:56 of 2nd period - Shot Misses the Net.
2:38 of 2nd period - Slapshot by Oliver Ekman-Larsson.
2:38 of 2nd period - Shot Blocked by David Rundblad.
3:00 of 2nd period - Snap shot by Kyle Clifford.
3:00 of 2nd period - Stopped by Petr Mrazek with a rebound.
3:02 of 2nd period - Snap shot by Jean-Gabriel Pageau.
3:02 of 2nd period - Deflect By Kyle Clifford.
3:02 of 2nd period - Shot Blocked by Chris Tierney.
3:02 of 2nd period - Puck is out of play.
3:03 of 2nd period - Bryan Little wins face-off versus Yanni Gourde in Canucks zone.
3:04 of 2nd period - Snap shot by Nick Cousins.
3:04 of 2nd period - Shot Misses the Net.
3:30 of 2nd period - Joseph Blandisi is hit by Ryan O'Reilly.
4:04 of 2nd period - Minor Penalty to Bryan Little for Slashing.
4:05 of 2nd period - Yanni Gourde wins face-off versus Patric Hornqvist in Avalanche zone.
4:17 of 2nd period - Snap shot by Yanni Gourde.
4:17 of 2nd period - Stopped by Robin Lehner without a rebound.
4:18 of 2nd period - Jean-Gabriel Pageau wins face-off versus Chris Tierney in Avalanche zone.
6:04 of 2nd period - Penalty to Bryan Little is over, Bryan Little is back on ice.
6:11 of 2nd period - Icing by Bryan Little.
6:12 of 2nd period - Jean-Gabriel Pageau wins face-off versus Ryan O'Reilly in Avalanche zone.
6:16 of 2nd period - Off-side.
6:17 of 2nd period - Bryan Little wins face-off versus Ryan O'Reilly in neutral zone.
6:23 of 2nd period - Icing by Oliver Ekman-Larsson.
6:24 of 2nd period - Ryan O'Reilly wins face-off versus Michael McLeod in Canucks zone.
6:56 of 2nd period - Snap shot by Mark Jankowski.
6:56 of 2nd period - Deflect By Ryan O'Reilly.
6:56 of 2nd period - Stopped by Robin Lehner with a rebound.
6:58 of 2nd period - Slapshot by Oliver Ekman-Larsson.
6:58 of 2nd period - Stopped by Robin Lehner with a rebound.
8:31 of 2nd period - Slapshot by Daniel Zaar.
8:31 of 2nd period - Stopped by Robin Lehner without a rebound.
8:32 of 2nd period - Michael McLeod wins face-off versus Chris Tierney in Avalanche zone.
9:01 of 2nd period - Wrist shot by Jean-Gabriel Pageau.
9:01 of 2nd period - Shot Blocked by Tyler Cuma.
9:09 of 2nd period - Slapshot by Rickard Rakell.
9:09 of 2nd period - Shot Misses the Net.
9:23 of 2nd period - David Rundblad is hit by Ben Harpur and loses puck.
10:33 of 2nd period - David Rundblad is hit by Ryan Lomberg and loses puck.
10:48 of 2nd period - Denis Gurianov is hit by Rickard Rakell and loses puck.
10:59 of 2nd period - Vladislav Gavrikov is hit by Jordan Eberle and loses puck.
11:14 of 2nd period - Vladislav Gavrikov is hit by Ryan Lomberg and loses puck.
11:49 of 2nd period - Denis Gurianov is hit by Luke Witkowski and loses puck.
11:50 of 2nd period - Denis Gurianov from Canucks is injured at 11:50 of 2nd period (Left Knee).
11:51 of 2nd period - Jean-Gabriel Pageau wins face-off versus Chris Tierney in Canucks zone.
11:58 of 2nd period - Slapshot by Chris Tierney.
11:58 of 2nd period - Stopped by Robin Lehner without a rebound.
11:59 of 2nd period - Jean-Gabriel Pageau wins face-off versus Chris Tierney in Avalanche zone.
11:59 of 2nd period - Jean-Gabriel Pageau is hit by J.T. Miller.
12:02 of 2nd period - Minor Penalty to David Rundblad for Tripping.
12:03 of 2nd period - Chris Tierney wins face-off versus Jean-Gabriel Pageau in Avalanche zone.
12:14 of 2nd period - Slapshot by Travis Hamonic.
12:14 of 2nd period - Deflect By J.T. Miller.
12:14 of 2nd period - Stopped by Robin Lehner with a rebound.
12:30 of 2nd period - Yanni Gourde is hit by Jacob Slavin and loses puck.
12:57 of 2nd period - Jean-Gabriel Pageau is hit by Chris Tierney and loses puck.
13:08 of 2nd period - Brock Boeser is hit by Luke Witkowski and loses puck.
14:02 of 2nd period - Penalty to David Rundblad is over, David Rundblad is back on ice.
14:36 of 2nd period - Slapshot by Jacob Slavin.
14:36 of 2nd period - Stopped by Petr Mrazek with a rebound.
15:47 of 2nd period - Ryan O'Reilly is hit by Rickard Rakell and loses puck.
17:06 of 2nd period - Brock Boeser is hit by Jean-Gabriel Pageau and loses puck.
17:22 of 2nd period - Travis Hamonic is hit by Nick Cousins and loses puck.
18:20 of 2nd period - Ryan O'Reilly is hit by Rickard Rakell and loses puck.
18:59 of 2nd period - Brock Boeser is hit by David Rundblad and loses puck.
19:14 of 2nd period - Wrist shot by J.T. Miller.
19:14 of 2nd period - Shot Misses the Net.
19:48 of 2nd period - Wrist shot by Yanni Gourde.
19:48 of 2nd period - Stopped by Robin Lehner with a rebound.
19:50 of 2nd period - Wrist shot by J.T. Miller.
19:50 of 2nd period - Stopped by Robin Lehner with a rebound.
19:52 of 2nd period - Slapshot by Tyler Cuma.
19:52 of 2nd period - Deflect By Brock Boeser.
19:52 of 2nd period - Shot Blocked by Patric Hornqvist.
19:52 of 2nd period - Puck is out of play.
19:53 of 2nd period - Bryan Little wins face-off versus Ryan O'Reilly in Avalanche zone.
Goals for this period are 0 for Canucks vs 1 for Avalanche.
Shots for this period are 9 for Canucks vs 5 for Avalanche.

3rd period


0:01 of 3rd period - Chris Tierney wins face-off versus Jean-Gabriel Pageau in neutral zone.
0:31 of 3rd period - Slapshot by Tyler Cuma.
0:31 of 3rd period - Shot Blocked by Jack Johnson.
0:33 of 3rd period - Snap shot by Brock Boeser.
0:33 of 3rd period - Shot Misses the Net.
0:35 of 3rd period - Snap shot by Ben Harpur.
0:35 of 3rd period - Shot Misses the Net.
0:57 of 3rd period - Wrist shot by Joseph Blandisi.
0:57 of 3rd period - Shot Blocked by Tyler Cuma.
1:15 of 3rd period - Snap shot by Rickard Rakell.
1:15 of 3rd period - Shot Blocked by Tyler Cuma.
1:17 of 3rd period - Wrist shot by Vladislav Gavrikov.
1:17 of 3rd period - Stopped by Petr Mrazek without a rebound.
1:18 of 3rd period - Jean-Gabriel Pageau wins face-off versus Yanni Gourde in Canucks zone.
1:21 of 3rd period - Slapshot by Jean-Gabriel Pageau.
1:21 of 3rd period - Shot Misses the Net.
1:33 of 3rd period - Slapshot by Jean-Gabriel Pageau.
1:33 of 3rd period - Stopped by Petr Mrazek without a rebound.
1:34 of 3rd period - Andrei Kuzmenko wins face-off versus Chris Tierney in Canucks zone.
1:35 of 3rd period - Slapshot by Nick Cousins.
1:35 of 3rd period - Stopped by Petr Mrazek with a rebound.
2:04 of 3rd period - Slapshot by Oliver Ekman-Larsson.
2:04 of 3rd period - Shot Misses the Net.
2:06 of 3rd period - Wrist shot by Oliver Ekman-Larsson.
2:06 of 3rd period - Deflect By Kyle Clifford.
2:06 of 3rd period - Stopped by Robin Lehner with a rebound.
2:28 of 3rd period - Wrist shot by Michael McLeod.
2:28 of 3rd period - Stopped by Petr Mrazek with a rebound.
2:44 of 3rd period - Snap shot by Nick Cousins.
2:44 of 3rd period - Stopped by Petr Mrazek without a rebound.
2:45 of 3rd period - Bryan Little wins face-off versus Chris Tierney in Canucks zone.
2:48 of 3rd period - Slapshot by Nick Cousins.
2:48 of 3rd period - Stopped by Petr Mrazek without a rebound.
2:49 of 3rd period - Jean-Gabriel Pageau wins face-off versus Chris Tierney in Canucks zone.
3:20 of 3rd period - Wrist shot by Bryan Little.
3:20 of 3rd period - Stopped by Petr Mrazek with a rebound.
3:22 of 3rd period - Backhand shot by Nick Cousins.
3:22 of 3rd period - Shot Misses the Net.
3:24 of 3rd period - Snap shot by Nick Cousins.
3:24 of 3rd period - Stopped by Petr Mrazek with a rebound.
3:26 of 3rd period - Wrist shot by Nick Cousins.
3:26 of 3rd period - Stopped by Petr Mrazek with a rebound.
3:28 of 3rd period - Slapshot by Jacob Slavin.
3:28 of 3rd period - Shot Misses the Net.
4:36 of 3rd period - Snap shot by Jordan Eberle.
4:36 of 3rd period - Stopped by Robin Lehner with a rebound.
5:06 of 3rd period - Stefan Elliott is hit by Jordan Eberle and loses puck.
5:19 of 3rd period - Jean-Gabriel Pageau is hit by Travis Hamonic and loses puck.
5:38 of 3rd period - Snap shot by Drake Caggiula.
5:38 of 3rd period - Shot Misses the Net.
7:01 of 3rd period - Icing by Michael McLeod.
7:02 of 3rd period - Ryan Lomberg wins face-off versus Michael McLeod in Avalanche zone.
7:03 of 3rd period - Wrist shot by Jordan Eberle.
7:03 of 3rd period - Shot Misses the Net.
7:05 of 3rd period - Slapshot by Jordan Eberle.
7:05 of 3rd period - Shot Misses the Net.
7:19 of 3rd period - Slapshot by Jacob Slavin.
7:19 of 3rd period - Stopped by Petr Mrazek with a rebound.
7:21 of 3rd period - Snap shot by Jacob Slavin.
7:21 of 3rd period - Stopped by Petr Mrazek with a rebound.
7:34 of 3rd period - Minor Penalty to Joseph Blandisi for Tripping.
7:35 of 3rd period - Bryan Little wins face-off versus Yanni Gourde in Avalanche zone.
9:15 of 3rd period - David Rundblad is hit by Curtis Lazar and loses puck.
9:23 of 3rd period - Icing by Curtis Lazar.
9:24 of 3rd period - Ryan O'Reilly wins face-off versus Bryan Little in Canucks zone.
9:29 of 3rd period - Jack Johnson is hit by Curtis Lazar and loses puck.
9:34 of 3rd period - Penalty to Joseph Blandisi is over, Joseph Blandisi is back on ice.
9:48 of 3rd period - Wrist shot by Ryan O'Reilly.
9:48 of 3rd period - Goal by Ryan O'Reilly - Canucks : 4 - Avalanche : 1.
9:49 of 3rd period - Chris Tierney wins face-off versus Kyle Clifford in neutral zone.
9:56 of 3rd period - Wrist shot by J.T. Miller.
9:56 of 3rd period - Goal by J.T. Miller - Canucks : 5 - Avalanche : 1.
9:57 of 3rd period - Jean-Gabriel Pageau wins face-off versus Chris Tierney in neutral zone.
10:09 of 3rd period - Minor Penalty to David Rundblad for Slashing.
10:10 of 3rd period - Jean-Gabriel Pageau wins face-off versus Chris Tierney in Avalanche zone.
10:18 of 3rd period - Snap shot by Chris Tierney.
10:18 of 3rd period - Shot Blocked by Luke Witkowski.
10:20 of 3rd period - Snap shot by Travis Hamonic.
10:20 of 3rd period - Deflect By Chris Tierney.
10:20 of 3rd period - Goal by Chris Tierney - Canucks : 6 - Avalanche : 1.
10:21 of 3rd period - Chris Tierney wins face-off versus Bryan Little in neutral zone.
10:47 of 3rd period - Chris Tierney is hit by Patric Hornqvist and loses puck.
11:16 of 3rd period - Snap shot by Kyle Clifford.
11:16 of 3rd period - Shot Misses the Net.
12:10 of 3rd period - Snap shot by Anthony Duclair.
12:10 of 3rd period - Shot Blocked by Jake Dotchin.
12:12 of 3rd period - Snap shot by Drake Caggiula.
12:12 of 3rd period - Shot Blocked by Jake Dotchin.
12:14 of 3rd period - Backhand shot by Vladislav Gavrikov.
12:14 of 3rd period - Shot Blocked by Brock Boeser.
12:16 of 3rd period - Slapshot by Vladislav Gavrikov.
12:16 of 3rd period - Stopped by Petr Mrazek with a rebound.
12:18 of 3rd period - Snap shot by Luke Witkowski.
12:18 of 3rd period - Stopped by Petr Mrazek without a rebound.
12:19 of 3rd period - Ryan O'Reilly wins face-off versus Bryan Little in Canucks zone.
12:44 of 3rd period - Tony DeAngelo is hit by Michael McLeod and loses puck.
13:03 of 3rd period - Slapshot by Kyle Clifford.
13:03 of 3rd period - Stopped by Petr Mrazek with a rebound.
14:09 of 3rd period - Off-side.
14:10 of 3rd period - Michael McLeod wins face-off versus Yanni Gourde in neutral zone.
14:15 of 3rd period - Slapshot by Patric Hornqvist.
14:15 of 3rd period - Shot Blocked by Yanni Gourde.
15:28 of 3rd period - Wrist shot by Drake Caggiula.
15:28 of 3rd period - Stopped by Petr Mrazek without a rebound.
15:29 of 3rd period - Drake Caggiula wins face-off versus Yanni Gourde in Canucks zone.
15:39 of 3rd period - Icing by Tyler Cuma.
15:40 of 3rd period - Yanni Gourde wins face-off versus Bryan Little in Canucks zone.
16:51 of 3rd period - Snap shot by J.T. Miller.
16:51 of 3rd period - Stopped by Robin Lehner with a rebound.
16:53 of 3rd period - Slapshot by Tyler Cuma.
16:53 of 3rd period - Shot Misses the Net.
16:55 of 3rd period - Slapshot by Tyler Cuma.
16:55 of 3rd period - Stopped by Robin Lehner with a rebound.
16:57 of 3rd period - Slapshot by Tyler Cuma.
16:57 of 3rd period - Stopped by Robin Lehner with a rebound.
16:59 of 3rd period - Snap shot by Brock Boeser.
16:59 of 3rd period - Shot Blocked by Jean-Gabriel Pageau.
17:01 of 3rd period - Slapshot by Tyler Cuma.
17:01 of 3rd period - Stopped by Robin Lehner without a rebound.
17:02 of 3rd period - Ryan O'Reilly wins face-off versus Bryan Little in Avalanche zone.
17:03 of 3rd period - Wrist shot by Mark Jankowski.
17:03 of 3rd period - Shot Misses the Net.
17:17 of 3rd period - Snap shot by Andrei Kuzmenko.
17:17 of 3rd period - Stopped by Petr Mrazek with a rebound.
17:19 of 3rd period - Snap shot by Nick Cousins.
17:19 of 3rd period - Shot Misses the Net.
17:35 of 3rd period - Anthony Duclair is hit by Daniel Zaar.
18:12 of 3rd period - Snap shot by Nick Cousins.
18:12 of 3rd period - Deflect By Tony DeAngelo.
18:12 of 3rd period - Shot Misses the Net.
18:12 of 3rd period - Puck is out of play.
18:13 of 3rd period - Andrei Kuzmenko wins face-off versus Chris Tierney in Canucks zone.
18:14 of 3rd period - Snap shot by Nick Cousins.
18:14 of 3rd period - Goal by Nick Cousins - Canucks : 6 - Avalanche : 2.
18:15 of 3rd period - Chris Tierney wins face-off versus Bryan Little in neutral zone.
18:28 of 3rd period - Slapshot by Andrei Kuzmenko.
18:28 of 3rd period - Shot Blocked by J.T. Miller.
19:04 of 3rd period - Stefan Elliott is hit by Nicolas Petan and loses puck.
19:09 of 3rd period - Wrist shot by Ryan Lomberg.
19:09 of 3rd period - Stopped by Robin Lehner without a rebound.
19:10 of 3rd period - Bryan Little wins face-off versus Nicolas Petan in Avalanche zone.
19:55 of 3rd period - Minor Penalty to Joseph Blandisi for Holding.
19:56 of 3rd period - Chris Tierney wins face-off versus Jean-Gabriel Pageau in Avalanche zone.
19:57 of 3rd period - Snap shot by J.T. Miller.
19:57 of 3rd period - Stopped by Robin Lehner with a rebound.
19:59 of 3rd period - Wrist shot by Jordan Eberle.
19:59 of 3rd period - Shot Blocked by Jack Johnson.
Goals for this period are 3 for Canucks vs 1 for Avalanche.
Shots for this period are 11 for Canucks vs 17 for Avalanche.